 Dungeon Crawl Stone Soup version 0.30.1-11-g7821555f0a (webtiles) character file.

Game seed: 8622509296596432145

47487 GimliDwarf the Devastator (level 14, -1/72 HPs)
             Began as a Tengu Conjurer on Jan 2, 2024.
             Was the Champion of Qazlal.
             Killed by divine providence
             ... invoked by an orc priest
              (14 damage)
             ... on level 2 of the Orcish Mines.
             The game lasted 01:27:39 (23725 turns).

GimliDwarf the Devastator (Tengu Conjurer)         Turns: 23725, Time: 01:27:39

Health: -1/72      AC:  1    Str: 21    XL:     14   Next: 42%
Magic:  4/31       EV: 14    Int: 30    God:    Qazlal [******]
Gold:   960        SH:  8    Dex: 16    Spells: 19/38 levels left

rFire   . . .        c - staff of conjuration "Fuatsi Keo" {Dex+5}
rCold   x . .        (no shield)
rNeg    . . .        D - +0 troll leather armour
rPois   +            (helmet restricted)
rElec   .            q - +2 cloak {rPois}
rCorr   .            J - +2 pair of gloves
SInv    +            (boots unavailable)
Will    +....        l - amulet of the acrobat
Stlth   +            p - +6 ring of intelligence
HPRegen 1.12/turn    E - ring "Ceuseetz" {rPois rC- Str+6 Int+4 SInv}
MPRegen 0.22/turn

%: repel missiles, acrobat
@: corroded, flying quickly and evasively, quick
A: beak, talons 3, nimble flight, iridescent scales 1, sense surroundings 1,
strong 1
a: Renounce Religion, Upheaval, Elemental Force, Disaster Area


You were on level 2 of the Orcish Mines.
You worshipped Qazlal.
Qazlal was exalted by your worship.
You visited 4 branches of the dungeon, and saw 18 of its levels.
You also visited: Sewer and Gauntlet.

You collected 1037 gold pieces.
You spent 77 gold pieces at shops.

Inventory:

Hand Weapons
 y - a +6 scimitar
 B - the +8 halberd "Ikaumm" {flame, *Noise rF+ Dex+3}
   (You found it on level 2 of the Lair of Beasts)

   Dex:       It affects your dexterity (+3).
   rF:        It protects you from fire.
   *Noise:    It may make noises in combat.
Missiles
 j - 5 curare-tipped darts
 x - 2 silver javelins
Armour
 q - a +2 cloak of poison resistance (worn)
 D - a +0 troll leather armour (worn)
 J - a +2 pair of gloves (worn)
Magical Staves
 c - the staff of conjuration "Fuatsi Keo" (weapon) {Dex+5}
   (You acquired it on level 3 of the Dungeon)

   [staff of conjuration]

   Base accuracy: +5 Base damage: 5 Base attack delay: 1.2 This weapon's minimum
   attack delay (0.6) is reached at skill level 12.
   Dex:       It affects your dexterity (+5).
   It falls into the 'Staves' category.
   It is a one-handed weapon.
Jewellery
 l - an amulet of the acrobat (around neck)
 o - a +6 ring of dexterity
 p - a +6 ring of intelligence (left hand)
 u - a ring of ice
 w - a +6 ring of strength
 E - the ring "Ceuseetz" (right hand) {rPois rC- Str+6 Int+4 SInv}
   (You found it on level 1 of the Lair of Beasts)

   [ring of strength]

   Str:       It affects your strength (+6).
   Int:       It affects your intelligence (+4).
   rC:        It makes you vulnerable to cold.
   rPois:     It protects you from poison.
   SInv:      It lets you see invisible.
 G - a +6 ring of intelligence
Wands
 s - a wand of paralysis (29)
 t - a wand of flame (27)
Scrolls
 a - a scroll of amnesia
 k - 6 scrolls of teleportation
 C - 2 scrolls of fog
 F - 2 scrolls of poison
 H - 3 scrolls of magic mapping
 I - a scroll of fear
Potions
 d - 4 potions of mutation
 e - 5 potions of haste
 f - a potion of lignification
 g - 5 potions of resistance
 h - 5 potions of heal wounds
 i - 3 potions of might
 m - 3 potions of berserk rage
 n - 8 potions of curing
 r - 2 potions of cancellation
 v - 2 potions of ambrosia
 z - a potion of brilliance {unknown}


   Skills:
 + Level 2.3 Fighting
 * Level 8.4 Staves
 + Level 5.9 Armour
 - Level 2.1 Dodging
 - Level 2.0 Stealth
 + Level 1.3 Shields
 * Level 12.6 Spellcasting
 + Level 15.8 Conjurations
 + Level 0.1 Hexes
 + Level 1.7 Translocations
 + Level 1.1 Fire Magic
 * Level 7.2 Ice Magic
 * Level 10.3 Air Magic
 + Level 2.9 Poison Magic
 * Level 8.0 Evocations


You had 19 spell levels left.
You knew the following spells:

 Your Spells              Type           Power      Damage    Failure   Level
a - Magic Dart            Conj           100%       1d8       0%          1
b - Searing Ray           Conj           100%       2d8       0%          2
c - Mephitic Cloud        Conj/Pois/Air  86%        N/A       1%          3
d - Iskenderun's Mystic   Conj/Tloc      82%        2d16      1%          4
e - Freezing Cloud        Conj/Ice/Air   45%        6-21      1%          5
f - Anguish               Hex/Necr       9%         N/A       28%         4

Your spell library contained the following spells:

 Spells                   Type           Power      Damage    Failure   Level
 Apportation              Tloc           58%        N/A       1%          1
 Freeze                   Ice            100%       1d10      1%          1
 Poisonous Vapours        Pois/Air       100%       N/A       1%          2
 Dazzling Flash           Conj/Hex       100%       N/A       1%          3
 Frozen Ramparts          Ice            100%       1d16      1%          3
 Hailstorm                Conj/Ice       93%        3d18      1%          3
 Fulminant Prism          Conj/Hex       39%        3d17      1%          4
 Necrotise                Necr           76%        1d7       3%          1
 Summon Small Mammal      Summ           72%        N/A       3%          1
 Irradiate                Conj/Tmut      39%        3d24      3%          5
 Sublimation of Blood     Necr           19%        N/A       4%          2
 Cause Fear               Hex            9%         N/A       28%         4
 Petrify                  Tmut/Erth      18%        N/A       30%         4
 Enfeeble                 Hex            9%         N/A       100%        7


Dungeon Overview and Level Annotations

Branches:
Dungeon (10/15)            Temple (1/1) D:5            Lair (5/5) D:8
 Shoals (0/4) Lair:3       Spider (0/4) Lair:2        Slime (0/5) Lair:5
    Orc (2/2) D:9           Sewer (visited)         Gauntlet (visited)
    Elf: Orc:2

Altars:
Ashenzari
Cheibriados
Dithmenos
Elyvilon
Fedhas
Gozag
Hepliaklqana
Kikubaaqudgha
Makhleb
Nemelex Xobeh
Okawaru
Qazlal
Ru
Sif Muna
Trog
Uskayaw
Vehumet
Wu Jian
Xom
Yredelemnul
Zin
The Shining One

Shops:
D:6 *   D:7 (   D:8 *

Portals:
Hell: Lair:5
Abyss: D:6

Annotations:
D:3 3 runed translucent doors, Alypsies's ghost, weakling DEVM; PrincessEmiBear's ghost, amateur GrMo
D:6 1 runed translucent door, 2 transporters, AberrantSnake's ghost, novice FeTm; Crazy Yiuf; Grinder
D:8 3 runed translucent doors, PrincessEmiBear's ghost, novice DsHu
Lair:2 1 runed translucent door


Innate Abilities, Weirdness & Mutations

You have a beak for a mouth.
You have claws for feet.
Your magical nature lets you fly swiftly and evasively.
You are partially covered in iridescent scales. (AC +2)
You passively map a small area around you.
Your muscles are strong. (Str +4, Int/Dex -1)


Message History

You block the rust devil's attack.
You hit the orc priest but do no damage.
The orc priest is moderately wounded.
The orc wizard closely misses you.
The orc wizard is engulfed in poison gas.
The orc wizard looks even sicker.
The rust devil hits you. The rust devil corrodes you!
You hit the orc wizard but do no damage.
You blast the orc wizard.
Your kick misses the orc wizard. Your peck misses the orc wizard.
The orc wizard is almost dead.
The orc high priest is no longer moving slowly.
You kill the orc wizard!
Qazlal accepts your kill.
The orc high priest is engulfed in poison gas.
The orc high priest looks even sicker.
The orc priest is engulfed in poison gas.
The orc priest is poisoned.
You block the orc priest's attack.
The orc wizard hits you with a +0 dagger.
The orc priest is engulfed in a thunderstorm.
You kill the orc priest!
Qazlal accepts your kill. The rust devil hits you. The rust devil corrodes you!
You hit the orc priest but do no damage.
You blast the orc priest!!
You kill the orc priest!
Qazlal accepts your kill.
The orc high priest calls upon Beogh to heal the orc high priest.
The orc high priest's wounds heal themselves!
An orc comes into view. It is wielding a +0 dagger.
The orc high priest is engulfed in poison gas.
The orc high priest looks even sicker.
The orc priest mumbles some strange prayers to Beogh against you.
Beogh smites you!
The orc wizard points at you and mumbles some strange words.
The puff of flame hits you!
* * * LOW HITPOINT WARNING * * *
The orc priest invokes the aid of Beogh against you.
Beogh smites you!
You die...

###..<.##
##.......*
..##.○.○.°.####
.....§§.°○☼.#°##
.○☼☼§...§°☼○°○.#
, #.°°○○○○..°.#
#○#☼○○○..§.§##*
...☼°○.o☼.°○°##
* *
...#○☼○○@°4.○○#
, , ,
.○☼°○○)○§4)☼○##
* ...°.○o§o)☼(○#
, ,
.○..°...o.)☼## ,
* ,
.○°..☼§o).)☼o☼.
,
.°..☼○°[))○°o○..
,
.°..§o☼.☼☼○o○.§#
$○§○○.○☼°°o○°○##
, *, ,
...$...ooo.....


You could see 2 orc high priests, an ice devil (summoned), a rust devil
(summoned), 4 orc priests, 3 orc wizards and an orc.

Vanquished Creatures
  An orc warlord (D:9)
  Fannar (Lair:1)
  3 hydras
  Urug (Lair:3)
  2 orc high priests (Orc:2)
  Nergalle (Lair:3)
  4 skysharks
  Amaemon (Lair:1)
  A fire crab (Lair:3)
  A sixfirhy (Lair:5)
  A wizard (Lair:5)
  A lindwurm (Lair:4)
  A deep elf pyromancer (D:9)
  An orc sorcerer (Orc:2)
  5 elephants
  Joseph (D:8)
  A merfolk siren (Lair:3)
  A smoke demon (Lair:5)
  4 black mambas
  A torpor snail (Lair:5)
  3 orange demons
  Maggie (Lair:1)
  13 cane toads
  7 komodo dragons
  5 rime drakes (Lair:5)
  2 ice devils (Lair:5)
  A red devil (Lair:5)
  A meliai (Lair:2)
  4 trolls
  6 polar bears
  10 blink frogs
  A slime creature (D:8)
  7 wyverns
  A shadow (D:8)
  A wraith (D:9)
  37 yaks
  6 basilisks
  A steam dragon (D:7)
  4 wargs
  10 water moccasins
  2 swamp worms (Lair:1)
  Duvessa (D:5)
  3 hell hounds (Lair:5)
  22 orc warriors
  An ice beast (D:6)
  A sky beast (D:8)
  3 black bears
  5 ogres
  3 centaurs
  17 wolves
  10 kobold brigands
  13 bullfrogs
  2 gnoll sergeants (D:9)
  5 scorpions
  3 wights (D:8)
  Dowan (D:5)
  16 killer bees
  An electric eel (Lair:4)
  11 jellies
  5 hounds
  20 orc priests
  2 sleepcaps (D:5)
  9 iguanas
  Terence (D:3)
  17 orc wizards
  Robin (D:3)
  9 adders
  A gnoll (D:9)
  4 river rats (Sewer)
  A shadow imp (D:6)
  2 white imps
  An ufetubus (D:5)
  2 worms (D:5)
  6 dart slugs
  60 orcs
  3 bats
  31 endoplasms
  2 giant cockroaches (D:4)
  17 goblins
  10 hobgoblins
  14 jackals
  13 ball pythons
  2 frilled lizards
  24 kobolds
  3 rats
534 creatures vanquished.

Vanquished Creatures (collateral kills)
  A hell hound (Lair:5)
  A killer bee (D:9)
2 creatures vanquished.

Vanquished Creatures (others)
  An orc warrior (Orc:2)
  An orc priest (Orc:2)
  An orc wizard (Orc:2)
3 creatures vanquished.

Grand Total: 539 creatures vanquished

Notes
Turn   | Place    | Note
-------+----------+-------------------------------------------
     0 | D:1      | GimliDwarf the Tengu Conjurer began the quest for the Orb.
     0 | D:1      | Reached XP level 1. HP: 10/10 MP: 4/4
   172 | D:1      | Reached XP level 2. HP: 15/15 MP: 4/6
   175 | D:1      | Learned a level 2 spell: Searing Ray
   356 | D:1      | Found a faded altar of an unknown god.
   562 | D:1      | Reached XP level 3. HP: 19/19 MP: 3/7
   711 | D:1      | Reached skill level 1 in Air Magic
   752 | D:1      | Reached skill level 6 in Conjurations
  1657 | D:2      | Reached skill level 1 in Armour
  1657 | D:2      | Reached XP level 4. HP: 24/24 MP: 4/8
  1809 | D:2      | Found a radiant altar of Vehumet.
  2476 | D:3      | Identified a scroll of acquirement
  2476 | D:3      | Acquired the staff of conjuration "Fuatsi Keo" {Dex+5}
  2551 | D:3      | Noticed Terence
  2662 | D:3      | Reached skill level 1 in Fire Magic
  2875 | D:3      | Found a runed translucent gate.
  2875 | D:3      | Found a runed translucent gate.
  2876 | D:3      | Found a runed translucent gate.
  2896 | D:3      | Gained mutation: Your magical nature lets you fly swiftly
                  | and evasively. [Tengu growth]
  2896 | D:3      | Reached XP level 5. HP: 28/28 MP: 6/10
  3205 | D:3      | Noticed PrincessEmiBear's ghost (amateur GrMo)
  3205 | D:3      | Noticed Alypsies's ghost (weakling DEVM)
  3231 | D:3      | Killed Terence
  3321 | D:3      | Noticed Robin
  3333 | D:3      | Killed Robin
  4012 | D:4      | Reached skill level 7 in Conjurations
  4258 | D:4      | Reached XP level 6. HP: 32/32 MP: 6/12
  4508 | D:4      | Found a shimmering altar of Xom.
  4514 | D:4      | Found an iron altar of Okawaru.
  4517 | D:4      | Found a blossoming altar of Fedhas.
  4772 | D:4      | Reached skill level 1 in Staves
  4772 | D:4      | Reached skill level 1 in Evocations
  4823 | D:5      | Entered Level 5 of the Dungeon
  4835 | D:5      | Found a staircase to the Ecumenical Temple.
  4919 | D:5      | Reached XP level 7. HP: 27/36 MP: 3/14
  4921 | D:5      | Found a glowing drain.
  4929 | D:5      | Noticed Dowan
  4931 | Sewer    | Entered a sewer
  5348 | Sewer    | Learned a level 3 spell: Mephitic Cloud
  5353 | Sewer    | Learned a level 4 spell: Iskenderun's Mystic Blast
  5381 | Sewer    | Reached skill level 8 in Conjurations
  6100 | Temple   | Entered the Ecumenical Temple
  6150 | Temple   | Became a worshipper of Qazlal Stormbringer
  6267 | D:5      | Killed Dowan
  6303 | D:5      | Reached skill level 5 in Spellcasting
  6303 | D:5      | Reached XP level 8. HP: 41/41 MP: 5/16
  6434 | D:5      | Noticed Duvessa
  6453 | D:5      | Killed Duvessa
  6454 | D:5      | Reached skill level 9 in Conjurations
  7355 | D:6      | Found a runed translucent door.
  7356 | D:6      | Noticed Crazy Yiuf
  7387 | D:6      | Found Soacvadi's Overcharged Wands.
  7429 | D:6      | Noticed a cyan ugly thing
  7449 | D:6      | Noticed Grinder
  7926 | D:6      | Found a transporter.
  7928 | D:6      | Found a transporter.
  7985 | D:6      | Noticed AberrantSnake's ghost (novice FeTm)
  8011 | D:6      | Paralysed by Grinder for 5 turns
  8096 | D:5      | Learned a level 5 spell: Freezing Cloud
  8170 | D:6      | Found a one-way gate to the infinite horrors of the Abyss.
  8210 | D:6      | Reached skill level 10 in Conjurations
  8469 | D:7      | Reached * piety under Qazlal
  8641 | D:7      | Reached XP level 9. HP: 45/45 MP: 12/18
  9009 | D:7      | Found Eblaol's Antique Weapon Shoppe.
  9904 | D:8      | Noticed PrincessEmiBear's ghost (novice DsHu)
  9904 | D:8      | Found a runed translucent gate.
  9904 | D:8      | Found a runed translucent gate.
  9904 | D:8      | Found a runed translucent gate.
  9925 | D:8      | Noticed Joseph
  9925 | D:8      | Found a staircase to the Lair.
  9998 | D:7      | Reached skill level 1 in Ice Magic
 10111 | D:7      | Reached skill level 11 in Conjurations
 10422 | D:8      | Paralysed by an orc for 4 turns
 10430 | D:8      | Paralysed by an orc for 3 turns
 10507 | D:8      | Reached XP level 10. HP: 50/50 MP: 7/22
 10507 | D:8      | Reached ** piety under Qazlal
 10528 | D:8      | Found Rodeasko's General Store.
 10757 | D:8      | Bought a scroll of identify for 22 gold pieces
 10757 | D:8      | Bought a potion of heal wounds for 55 gold pieces
 10842 | D:8      | Reached skill level 5 in Air Magic
 11182 | D:8      | Killed Joseph
 11183 | D:8      | Reached skill level 1 in Poison Magic
 11690 | D:8      | Reached skill level 12 in Conjurations
 12236 | D:9      | Reached *** piety under Qazlal
 12477 | D:9      | Noticed a deep elf pyromancer
 12487 | D:9      | Killed a deep elf pyromancer
 12622 | D:9      | Reached XP level 11. HP: 27/54 MP: 18/25
 13561 | D:9      | Found a staircase to the Orcish Mines.
 13566 | D:9      | Reached skill level 5 in Armour
 13574 | D:9      | Reached skill level 13 in Conjurations
 13592 | D:9      | Reached **** piety under Qazlal
 14011 | D:9      | Gained mutation: You are somewhat resistant to further
                  | mutation. [potion of mutation]
 14012 | D:9      | Lost mutation: You are somewhat resistant to further
                  | mutation. [potion of mutation]
 14012 | D:9      | Gained mutation: You are partially covered in iridescent
                  | scales. (AC +2) [potion of mutation]
 14012 | D:9      | Gained mutation: You passively map a small area around you.
                  | [potion of mutation]
 14012 | D:9      | Gained mutation: Your muscles are strong. (Str +4, Int/Dex
                  | -1) [potion of mutation]
 14014 | D:10     | Entered Level 10 of the Dungeon
 14269 | D:10     | Noticed a boulder beetle
 14457 | Lair:1   | Entered Level 1 of the Lair of Beasts
 14459 | Lair:1   | Noticed Maggie
 14476 | Lair:1   | Killed Maggie
 14610 | Lair:1   | Reached skill level 1 in Fighting
 15014 | Lair:1   | Reached skill level 5 in Staves
 15274 | Lair:1   | Noticed Amaemon
 15345 | Lair:1   | Reached skill level 5 in Evocations
 15461 | Lair:1   | Killed Amaemon
 15462 | Lair:1   | Reached skill level 10 in Spellcasting
 15585 | Lair:1   | Identified the ring "Ceuseetz" {rPois rC- Str+6 Int+4 SInv}
 15683 | Lair:1   | Reached XP level 12. HP: 60/60 MP: 20/27
 15744 | Lair:1   | Noticed Fannar
 15767 | Lair:1   | Killed Fannar
 16253 | Lair:2   | Reached skill level 5 in Ice Magic
 16392 | Lair:2   | Noticed an eight-headed hydra
 16396 | Lair:2   | Killed an eight-headed hydra
 16397 | Lair:2   | Reached skill level 14 in Conjurations
 16479 | Lair:2   | Reached skill level 1 in Translocations
 16480 | Lair:2   | Found a hole to the Spider Nest.
 16486 | Lair:2   | Reached ***** piety under Qazlal
 16631 | Lair:2   | Identified the +8 halberd "Ikaumm" {flame, *Noise rF+
                  | Dex+3}
 17212 | Lair:2   | Found a runed translucent door.
 17255 | Lair:3   | Noticed Nergalle
 17275 | Lair:3   | Killed Nergalle
 17398 | Lair:3   | Noticed Urug
 17461 | Lair:3   | Found a gate leading to a gauntlet.
 17472 | Gauntlet | Entered a Gauntlet
 17472 | Gauntlet | Found a transporter.
 17558 | Gauntlet | Found a transporter.
 17558 | Gauntlet | Found a transporter.
 17574 | Gauntlet | Found a transporter.
 17575 | Gauntlet | Found a transporter.
 17582 | Gauntlet | Found a transporter.
 17601 | Gauntlet | Found a transporter.
 17602 | Gauntlet | Noticed a thrashing horror
 17602 | Gauntlet | Noticed a thrashing horror
 17607 | Gauntlet | Noticed a catoblepas
 17609 | Gauntlet | Found a runed translucent door.
 17610 | Gauntlet | Found a transporter.
 17611 | Gauntlet | Found a runed translucent door.
 17617 | Gauntlet | Noticed a quicksilver ooze
 17620 | Gauntlet | Found a transporter.
 17634 | Gauntlet | Found a transporter.
 17648 | Gauntlet | Found a transporter.
 17648 | Gauntlet | Found a transporter.
 17718 | Gauntlet | Found a transporter.
 17735 | Gauntlet | Found a transporter.
 17893 | Lair:3   | Killed Urug
 18370 | Lair:3   | Found a staircase to the Shoals.
 18436 | Lair:3   | Reached skill level 1 in Shields
 19185 | Lair:4   | Reached skill level 15 in Conjurations
 19290 | Lair:4   | Reached XP level 13. HP: 56/66 MP: 11/28
 20778 | Lair:5   | Entered Level 5 of the Lair of Beasts
 21873 | Lair:5   | Found a staircase to the Slime Pits.
 21979 | Lair:5   | Reached XP level 14. HP: 72/72 MP: 25/31
 22021 | Lair:5   | Found an ancient bone altar of Kikubaaqudgha.
 22567 | Lair:5   | Reached ****** piety under Qazlal
 22791 | Lair:5   | Found a burning altar of Makhleb.
 22797 | Lair:5   | Found a gateway to Hell.
 22931 | Lair:5   | Learned a level 4 spell: Anguish
 23095 | Orc:1    | Entered Level 1 of the Orcish Mines
 23099 | Orc:1    | Noticed an orc warlord
 23111 | Orc:1    | Reached skill level 10 in Air Magic
 23147 | D:9      | Killed an orc warlord
 23544 | Orc:2    | Entered Level 2 of the Orcish Mines
 23725 | Orc:2    | Killed from afar by an orc priest

Illustrated notes

Levels and vault maps discovered:
D:1:      amcnicky_arrival_blooded_trapdoor, layout_basic,
          chequers_ecumenical_altar_simple, minmay_tetromino_l4
D:2:      layout_basic, basic_altar
D:3:      layout_basic, gammafunk_ghost_cemetery, uniq_robin, uniq_terence
D:4:      layout_basic, minmay_overflow_temple_star_quad
D:5:      layout_rooms, minmay_temple_entry_arrows,
          cheibrodos_sewer_entry_drain, uniq_duvessa
D:6:      layout_cave_pods, gammafunk_ghost_abyssal_escape,
          hangedman_abyss_or_decor_stabs, nicolae_shop_overcharged_wands,
          uniq_crazy_yiuf_cottage, uniq_grinder
D:7:      layout_layer_cave, serial_shops, nicolae_stop_n_shop_1
D:8:      lemuel_slime, layout_cave_pools, david_lair_generic,
          ebering_ghost_rock_garden, fungi_pond_lemuel, kennysheep_small_circle,
          uniq_joseph
D:9:      layout_roguey, kennysheep_orc_monster_closet_entryway
D:10:     minmay_the_grid_triangle_9x9_recursive_2_mashed
          [minmay_the_grid_triangle_9x9_prize_special,
          minmay_the_grid_triangle_9x9_longest,
          minmay_the_grid_triangle_9x9_wacky_v,
          minmay_the_grid_triangle_9x9_alien], layout_long_grid
Temple:   nicolae_temple_bog_church
Lair:1:   layout_regular_city, worms_lemuel, lemuel_fruit_tree, uniq_maggie,
          uniq_fannar, uniq_amaemon
Lair:2:   gammafunk_indiana_jones, layout_loops_ring,
          hellmonk_spider_entry_not_the_bees, grunt_megastairs_3,
          infiniplex_staircase_pool_2
Lair:3:   beast_lair_carwin_large_1, layout_loops_ring,
          minmay_shoals_entry_lonely_mermaid, gauntlet_entry_generic, uniq_urug,
          uniq_nergalle
Lair:4:   layout_hall_layers, serial_bayou_shore_a, grunt_megastairs_1,
          infiniplex_staircase_pool
Lair:5:   evil_forest, layout_regular_city, nicolae_slime_entry_field_trip,
          basic_altar
Orc:1:    layout_caves, serial_shops, nicolae_shop_statue_plus
Orc:2:    st_orc_mages, layout_caves, mines5_lemuel

Skill      XL: |  1  2  3  4  5  6  7  8  9 10 11 12 13 14 |
---------------+-------------------------------------------+-----
Air Magic      | 1 2 4 5 6 8 9 10 | 10.3
Conjurations   | 6 7 8 10 11 12 13 15 | 15.8
Armour         | 1 2 3 4 5 |  5.9
Fire Magic     | 1 |  1.1
Spellcasting   | 3 4 5 7 9 10 12 | 12.6
Staves         | 1 2 3 4 5 6 7 8 |  8.4
Evocations     | 1 2 3 4 5 6 7 8 |  8.0
Ice Magic      | 1 2 4 5 6 7 |  7.2
Poison Magic   | 1 2 |  2.9
Fighting       | 1 2 |  2.3
Translocations | 1 |  1.7
Shields        | 1 |  1.3
Dodging        | |  2.1
Stealth        | |  2.0
Hexes          | |  0.1

Action                     |  1- 3 |  4- 6 |  7- 9 | 10-12 | 13-15 || total
---------------------------+-------+-------+-------+-------+-------++-------
  Melee: Staff             |       |     4 |    20 |   105 |    93 ||   222
         Kick              |       |     2 |     8 |    42 |    34 ||    86
         Peck              |       |     1 |     5 |    25 |    16 ||    47
         Punch             |       |       |     1 |     2 |     1 ||     4
  Throw: Dart              |       |       |       |     1 |     2 ||     3
         Javelin           |       |       |       |       |     2 ||     2
   Cast: Magic Dart        |    47 |    56 |   110 |    82 |     1 ||   296
         Searing Ray       |    15 |    41 |    62 |    92 |    14 ||   224
         Mephitic Cloud    |       |       |    17 |    62 |    16 ||    95
         Iskenderun's Myst |       |       |     2 |    29 |    35 ||    66
         Freezing Cloud    |       |       |       |    33 |    57 ||    90
         Anguish           |       |       |       |       |     6 ||     6
  Evoke: Wand              |       |       |     2 |     6 |     5 ||    13
    Use: Scroll            |       |     7 |     7 |    13 |     3 ||    30
         Potion            |       |       |       |     2 |     5 ||     7
   Stab: Confused          |       |       |       |    12 |     2 ||    14
         Paralysed         |       |       |       |     5 |     1 ||     6
 Armour: Robe              |       |     4 |     5 |     1 |       ||    10
         Troll leather arm |       |       |       |    17 |    32 ||    49
  Dodge: Dodged            |     6 |    12 |    57 |   122 |   112 ||   309
         Repelled          |       |       |       |     1 |     5 ||     6
  Block: Other             |       |       |       |    23 |    41 ||    64
